 Dungeon Crawl Stone Soup version 0.31-a0-799-g6bc09d010c (webtiles) character file.

Game seed: 2016726887875879008

1140 cforsyth the Trooper (level 8, -1/57 HPs)
             Began as a Djinni Delver on Sept 19, 2023.
             Was a Believer of Hepliaklqana.
             Slain by Pikel
             ... wielding a +0 whip of freezing
              (8 damage)
             ... on level 5 of the Dungeon.
             The game lasted 00:07:32 (5162 turns).

cforsyth the Trooper (Djinni Delver)                Turns: 5162, Time: 00:07:32

Health: -1/57      AC:  6    Str: 11    XL:     8   Next: 63%
Gold:   210        EV: 11    Int: 15    God:    Hepliaklqana [**....] SH:  0 Dex: 10

rFire   + + .        k - +0 quarterstaff (drain)
rCold   x . .        (shield currently unavailable)
rNeg    + + .        b - +0 leather armour
rPois   ∞            (no helmet)
rElec   .            l - +2 cloak
rCorr   +            (no gloves)
SInv    +            (boots unavailable)
Will    ++...        (no amulet)
Stlth   ++           w - ring "Keovuowna" {rN++ Will+ rCorr Dex-4 SInv}
HPRegen 0.29/turn    A - ring of willpower
MPRegen 0.00/turn

%: infuse magic (-2 HP)
@: flying
A: reduced essence, sickness immunity, fire resistance 2, cold vulnerability 1,
float, innate caster, HP casting, extra vitality 1
a: Renounce Religion, Recall Ancestor, Ancestor Identity


You were on level 5 of the Dungeon.
You worshipped Hepliaklqana.
Hepliaklqana was pleased with you.
You visited 2 branches of the dungeon, and saw 6 of its levels.

You collected 252 gold pieces.
You spent 42 gold pieces at shops.

Inventory:

Hand Weapons
 a - a +0 falchion
 k - a +0 quarterstaff of draining (weapon)
Missiles
 o - 2 throwing nets
Armour
 b - a +0 leather armour (worn)
 l - a +2 cloak (worn)
Jewellery
 w - the ring "Keovuowna" (left hand) {rN++ Will+ rCorr Dex-4 SInv}
   (You found it on level 4 of the Dungeon)

   [ring of see invisible]

   Dex-4:     It affects your dexterity (-4).
   rN++:      It greatly protects you from negative energy.
   Will+:     It increases your willpower.
   SInv:      It lets you see invisible.
   rCorr:     It protects you from acid and corrosion.
 A - a ring of willpower (right hand)
Wands
 g - a wand of digging (3)
 x - a wand of charming (4)
 y - a wand of polymorph (4)
Scrolls
 c - 2 scrolls of fog
 d - a scroll of revelation
 e - 2 scrolls of fear
 h - a scroll of enchant weapon {unknown}
 i - 3 scrolls of vulnerability
 j - a scroll of summoning {unknown}
 n - 3 scrolls of teleportation
 p - a scroll of identify {unknown}
 t - a scroll of immolation {unknown}
Potions
 f - a potion of haste
 m - 3 potions of mutation {unknown}
 q - a potion of ambrosia {unknown}
 r - 2 potions of heal wounds {unknown}
 s - a potion of curing {unknown}
 u - a potion of lignification {unknown}
 v - 3 potions of degeneration {unknown}
 z - a potion of invisibility {unknown}


   Skills:
 + Level 7.4 Fighting
 - Level 1.7 Long Blades
 - Level 2.1 Dodging
 - Level 4.1 Stealth
 + Level 4.9 Spellcasting
 + Level 4.9 Conjurations
 + Level 4.9 Hexes
   Level 0.0 Charms
 + Level 4.9 Summonings
 + Level 4.9 Necromancy
 + Level 4.9 Translocations
 + Level 4.9 Transmutations
 + Level 4.9 Fire Magic
 + Level 4.9 Ice Magic
 + Level 4.9 Air Magic
 + Level 4.9 Earth Magic
 + Level 4.9 Poison Magic


You knew the following spells:

 Your Spells              Type           Power      Damage    Failure   Level
a - Magic Dart            Conj           72%        1d6       3%          1
b - Jinxbite              Hex            36%        N/A       4%          2
c - Ignite Poison         Fire/Tmut/Pois 18%        N/A       9%          3
Your spell library was empty.

Dungeon Overview and Level Annotations

Branches:
Dungeon (5/15)             Temple (1/1) D:4

Altars:
Ashenzari
Dithmenos
Fedhas
Gozag
Hepliaklqana
Makhleb
Nemelex Xobeh
Okawaru
Qazlal
Ru
Trog
Uskayaw
Wu Jian
Yredelemnul

Shops:
D:1 :   D:3 *

Annotations:
D:3 1 runed translucent door, Crazy Yiuf
D:4 3 runed translucent doors, knightboat's ghost, amateur DjHW
D:5 Duvessa; Pikel


Innate Abilities, Weirdness & Mutations

Your life essence is reduced to manifest your ancestor. (-10% HP)
You are immune to sickness and miasma.
You are immune to poison.
Your flesh is very heat resistant. (rF++)
You are vulnerable to cold. (rC-)
You float through the air rather than walking.
You learn spells naturally, not from books.
Your magical power is your life essence.
You have superior vitality. (+4 MHP)


Message History

a +3 dagger; a +0 robe
There is an open door here.
There is an open door here.
Pikel cracks his whip.
There is a stone staircase leading up here.
Zarja is recalled.
Zarja closely misses Pikel.
You closely miss Pikel.
Pikel is moderately wounded.
Pikel closely misses you.
You hit Pikel but do no damage.
Pikel is moderately wounded.
Zarja barely misses Pikel.
Pikel hits you with a +0 whip of freezing!
Pikel freezes you.
You hit Pikel. You drain Pikel.
Pikel is heavily wounded.
Pikel completely misses you.
Zarja hits Pikel with a +0 flail.
Pikel hits you with a +0 whip of freezing.
Pikel freezes you.
You closely miss Pikel.
Pikel is heavily wounded.
Zarja hits Pikel with a +0 flail!
Pikel hits you but does no damage.
You hit Pikel but do no damage.
Pikel is severely wounded.
Pikel hits you with a +0 whip of freezing.
Pikel freezes you.
Zarja hits Pikel with a +0 flail!
You closely miss Pikel.
Pikel is almost dead.
Pikel hits you with a +0 whip of freezing!
* * * LOW HITPOINT WARNING * * *
Pikel freezes you.
* * * LOW HITPOINT WARNING * * *
Zarja hits Pikel but does no damage.
Pikel hits Zarja with a +0 whip of freezing.
You closely miss Pikel.
Pikel is almost dead.
Pikel hits you with a +0 whip of freezing!
You die...
Pikel says, "Another soul for the market."

#########.......#
#.......# #..†....#
#######..####.#
#........# #.#
###.#####..####.####
####### #...R.#
#..#........ ......#
#.#K#.###..#.##.####
..###.#
#K#@#.).........# #
#.# #.#
##R#.####....)#### #
#.###.#
#..#.#####...## #
......#
#.##[.....5)## #
#.#####
#.#########.# # #.#
#.# #.# # #.#
####.### ##'## #
#.### #......#
##...## # #...###
#.##.#.# ##.....## #


You could see the friendly Zarja the knight and Pikel (drained, ally target).

Vanquished Creatures
  An ogre (D:5)
  2 phantoms
  A lemure (D:5)
  A bullfrog (D:4)
  A scorpion (D:5)
  A wight (D:4)
  A jelly (D:5)
  An orc priest (D:5)
  2 hounds
  3 iguanas
  A sleepcap (D:3)
  Natasha (thrice) (D:3)
  An orc wizard (D:5)
  3 gnolls
  3 adders
  An ufetubus (D:5)
  2 dart slugs
  6 orcs
  4 bats (D:1)
  6 endoplasms
  2 giant cockroaches (D:1)
  6 goblins
  7 hobgoblins
  7 jackals (D:1)
  8 kobolds
  4 ball pythons
  2 frilled lizards
  A rat (D:2)
81 creatures vanquished.

Vanquished Creatures (collateral kills)
  A water moccasin (D:5)
  A kobold brigand (D:4)
  A jelly (D:4)
  A hound (D:4)
  2 gnolls (D:4)
  An adder (D:2)
  5 orcs
  A frilled lizard (D:2)
  A rat (D:2)
14 creatures vanquished.

Vanquished Creatures (others)
  A knight (D:4)
  An ancestor (D:4)
2 creatures vanquished.

Grand Total: 97 creatures vanquished

Notes
Turn   | Place    | Note
-------+----------+-------------------------------------------
     0 | D:5      | cforsyth the Djinni Delver began the quest for the Orb.
     0 | D:5      | Reached XP level 1. HP: 20/20 MP: 0/0
    28 | D:5      | Noticed a jelly
    28 | D:5      | Noticed a hound
    74 | D:5      | Noticed an iguana
   112 | D:5      | Noticed Duvessa
   139 | D:4      | Found a large runed translucent door.
   140 | D:4      | Found a large runed translucent door.
   140 | D:4      | Noticed a kobold brigand
   174 | D:4      | Noticed a phantom
   175 | D:4      | Noticed a wight
   565 | D:4      | Found a staircase to the Ecumenical Temple.
   579 | Temple   | Entered the Ecumenical Temple
   633 | D:3      | Reached XP level 2. HP: 25/25 MP: 0/0
   660 | D:3      | Noticed a phantom
   667 | D:3      | Found Rixuur's Assorted Antiques.
   677 | D:3      | Killed a phantom
   678 | D:3      | Reached skill level 4 in Fighting
   678 | D:3      | Reached skill level 1 in Spellcasting
   678 | D:3      | Reached skill level 1 in Conjurations
   678 | D:3      | Reached skill level 1 in Hexes
   678 | D:3      | Reached skill level 1 in Summonings
   678 | D:3      | Reached skill level 1 in Necromancy
   678 | D:3      | Reached skill level 1 in Translocations
   678 | D:3      | Reached skill level 1 in Transmutations
   678 | D:3      | Reached skill level 1 in Fire Magic
   678 | D:3      | Reached skill level 1 in Ice Magic
   678 | D:3      | Reached skill level 1 in Air Magic
   678 | D:3      | Reached skill level 1 in Earth Magic
   678 | D:3      | Reached skill level 1 in Poison Magic
   678 | D:3      | Reached XP level 3. HP: 20/31 MP: 0/0
   678 | D:3      | Learned a level 1 spell: Magic Dart
   678 | D:3      | Reached XP level 4. HP: 25/37 MP: 0/0
   733 | D:3      | Bought a scroll labelled BUALYA ZEICASH for 21 gold pieces
   733 | D:3      | Bought a scroll labelled BUALYA ZEICASH for 21 gold pieces
   801 | D:3      | Found a hazy altar of Hepliaklqana.
   811 | D:3      | Became a worshipper of Hepliaklqana the Forgotten
  1018 | D:1      | Reached XP level 5. HP: 38/41 MP: 0/0
  1018 | D:1      | Learned a level 2 spell: Jinxbite
  1325 | D:1      | Found a faded altar of an unknown god.
  1332 | D:1      | Reached * piety under Hepliaklqana
  1370 | D:1      | Found Zaecyiq's Book Boutique.
  2447 | D:3      | Noticed Natasha
  2454 | D:3      | Killed Natasha
  2594 | D:3      | Found a runed translucent door.
  2595 | D:3      | Noticed Crazy Yiuf
  2619 | D:3      | Noticed Natasha
  2623 | D:3      | Killed Natasha
  2624 | D:3      | Reached XP level 6. HP: 44/44 MP: 0/0
  2778 | D:3      | Noticed Natasha
  2783 | D:3      | Killed Natasha
  2784 | D:3      | Reached skill level 5 in Fighting
  3190 | D:4      | Reached ** piety under Hepliaklqana
  3191 | D:4      | Remembered your ancestor Zarja as a knight
  3275 | D:4      | Found a runed translucent door.
  3275 | D:4      | Found a large runed translucent door.
  3279 | D:4      | Noticed knightboat's ghost (amateur DjHW)
  3301 | D:4      | Found a large runed translucent door.
  3312 | D:4      | Reached XP level 7. HP: 38/48 MP: 0/0
  3312 | D:4      | Learned a level 3 spell: Ignite Poison
  3703 | D:4      | Identified the staff of Eternal Vigilance {rF++ rN+ Will++
                  | Int-2 Necro}
  3728 | D:4      | Reached skill level 6 in Fighting
  3775 | D:4      | Identified the ring "Keovuowna" {rN++ Will+ rCorr Dex-4
                  | SInv}
  4101 | D:4      | Found a burning altar of Makhleb.
  4159 | D:5      | Noticed a water moccasin
  4178 | D:5      | Killed a water moccasin
  4179 | D:5      | Reached XP level 8. HP: 54/55 MP: 0/0
  4729 | D:5      | Reached skill level 7 in Fighting
  5076 | D:5      | Noticed Pikel
  5162 | D:5      | Slain by Pikel

Illustrated notes

Levels and vault maps discovered:
D:1:      erik_arrival_blinker_ship, layout_basic,
          dreamdust_ecumenical_altar_grove, serial_shops, shop
D:2:      minmay_chambers_of_twos, layout_loops_cross
D:3:      layout_basic, mainiacjoe_overflow_concentric_impassable,
          mainiacjoe_overflow_paths, serial_shops, shop,
          uniq_crazy_yiuf_cottage, uniq_natasha
D:4:      layout_layer_cave, mainiacjoe_overflow_cross_hatched,
          makhleb_blood_cavern_becter, minmay_temple_entry_ruins,
          ebering_ghost_sewer_d, minmay_hollow_rounded_squares
D:5:      minmay_thinvault, layout_loops_corners, dk_vineyard_3, uniq_duvessa,
          uniq_pikel
Temple:   nicolae_temple_bog_church

Skill      XL: |  1  2  3  4  5  6  7  8 |
---------------+-------------------------+-----
Fighting       | 4 5 6 7 |  7.4
Spellcasting   | 1 2 3 4 |  4.9
Conjurations   | 1 2 3 4 |  4.9
Hexes          | 1 2 3 4 |  4.9
Summonings     | 1 2 3 4 |  4.9
Necromancy     | 1 2 3 4 |  4.9
Translocations | 1 2 3 4 |  4.9
Transmutations | 1 2 3 4 |  4.9
Fire Magic     | 1 2 3 4 |  4.9
Ice Magic      | 1 2 3 4 |  4.9
Air Magic      | 1 2 3 4 |  4.9
Earth Magic    | 1 2 3 4 |  4.9
Poison Magic   | 1 2 3 4 |  4.9
Long Blades    | |  1.7
Dodging        | |  2.1
Stealth        | |  4.1

Action                     |  1- 3 |  4- 6 |  7- 9 || total
---------------------------+-------+-------+-------++-------
  Melee: Falchion          |    10 |       |       ||    10
         Quarterstaff      |    14 |   127 |   117 ||   258
 Invoke: Recall Ancestor   |       |     1 |     2 ||     3
         Ancestor Life: Kn |       |     1 |       ||     1
  Evoke: Wand              |       |     3 |     9 ||    12
    Use: Scroll            |       |       |     2 ||     2
   Stab: Sleeping          |     3 |     4 |     5 ||    12
         Distracted        |       |       |     1 ||     1
 Armour: Leather armour    |    17 |    97 |    98 ||   212
  Dodge: Dodged            |     5 |   116 |    92 ||   213

Table legend: (Time is in decaauts)
 A = Elapsed time spent in this place.
 B = Non-inter-level travel time spent in this place.
 C = Inter-level travel time spent in this place.
 D = Time resting spent in this place.
 E = Time spent auto-exploring this place.
 F = Levels seen in this place.
 G = Mean time per level.
                   A        B        C        D        E       F      G
               +--------+--------+--------+--------+--------+-----+--------+
         Total |   5243 |   5082 |    161 |    524 |   3397 |   6 |  873.8 |
       Dungeon |   5241 |   5080 |    161 |    524 |   3397 |   5 | 1048.2 |
        Temple |      1 |      1 |      0 |      0 |      0 |   1 |    1.0 |
               +--------+--------+--------+--------+--------+-----+--------+

Top non-repeatable levels by time:
     D:4: 1977 daAuts
     D:3: 1030 daAuts
     D:5: 863 daAuts
     D:2: 697 daAuts
     D:1: 672 daAuts
  Temple: 1 daAuts
